| TOP OF THE 1ST |
|
Round Rock Express batting - Pitching for Pawtucket Red Sox : RHP Steve Capizzi
|
|
Pitching: RHP Steve Capizzi
|
|
|
Batting: RHB Jonathan Rangel
|
0-0: Foul Ball, location: 2F 0-1: Called Strike 0-2: Ball 1-2: Ground out 6-3 (Groundball, 6, EV 106.9 MPH)
|
|
Batting: SHB Javy Rosa
|
0-0: Ground out U3 (Groundball, 34, EV 105.0 MPH)
|
|
Batting: RHB Noah Stanley
|
0-0: Fly out, F9 (Line Drive, 9S, EV 111.2 MPH)
|
| Top of the 1st over - 0 runs, 0 hits, 0 errors, 0 left on base; Round Rock 0 - Pawtucket 0 |
| BOTTOM OF THE 1ST |
|
Pawtucket Red Sox batting - Pitching for Round Rock Express : RHP Jeff Kidd
|
|
Pitching: RHP Jeff Kidd
|
|
|
Batting: RHB Matt Hinkle
|
0-0: Ball 1-0: Ball 2-0: Ball 3-0: Called Strike 3-1: Base on Balls
|
|
Batting: RHB Tony Nunez
|
0-0: Swinging Strike 0-1: Called Strike Matt Hinkle steals 2nd base 0-2: Ball 1-2: Foul Ball, location: 2F 1-2: Ground out 6-3 (Groundball, 6, EV 82.5 MPH) Matt Hinkle to third
|
|
Batting: RHB Dave Burwell
|
0-0: Swinging Strike 0-1: Ball 1-1: Swinging Strike 1-2: Ball 2-2: Strikes out looking
|
|
Batting: LHB David Moore
|
0-0: Ball 1-0: Foul Ball, location: 2F 1-1: Called Strike 1-2: Ball 2-2: Strikes out swinging
|
| Bottom of the 1st over - 0 runs, 0 hits, 0 errors, 1 left on base; Round Rock 0 - Pawtucket 0 |
| TOP OF THE 2ND |
|
Round Rock Express batting - Pitching for Pawtucket Red Sox : RHP Steve Capizzi
|
|
Batting: RHB Ryan Kinkead
|
0-0: Foul Ball, location: 2F 0-1: Ball 1-1: Ball 2-1: Fly out, F9 (Flyball, 89S, EV 89.4 MPH)
|
|
Batting: RHB Blake Ballard
|
0-0: Ground out 5-3 (Groundball, 56, EV 108.1 MPH)
|
|
Batting: RHB Jarrod Joyce
|
0-0: Ball 1-0: Called Strike 1-1: Ball 2-1: Foul Ball, location: 2F 2-2: Ball 3-2: Foul Ball, location: 2F 3-2: Foul Ball, location: 2F 3-2: Base on Balls
|
|
Batting: LHB Cooper Broomhall
|
0-0: Ball 1-0: Foul Ball, location: 2F 1-1: Swinging Strike 1-2: Ball 2-2: Strikes out looking
|
| Top of the 2nd over - 0 runs, 0 hits, 0 errors, 1 left on base; Round Rock 0 - Pawtucket 0 |
| BOTTOM OF THE 2ND |
|
Pawtucket Red Sox batting - Pitching for Round Rock Express : RHP Jeff Kidd
|
|
Batting: RHB Rodolfo Contreras
|
0-0: Ball 1-0: Ground out 4-3 (Groundball, 34, EV 88.1 MPH)
|
|
Batting: LHB Frank Olivo
|
0-0: Ground out 4-3 (Groundball, 34, EV 106.9 MPH)
|
|
Batting: RHB Joe Sandoval
|
0-0: Called Strike 0-1: Ball 1-1: Called Strike 1-2: Ground out 4-3 (Groundball, 34, EV 82.5 MPH)
|
| Bottom of the 2nd over - 0 runs, 0 hits, 0 errors, 0 left on base; Round Rock 0 - Pawtucket 0 |
| TOP OF THE 3RD |
|
Round Rock Express batting - Pitching for Pawtucket Red Sox : RHP Steve Capizzi
|
|
Batting: RHB Ivan Colon
|
0-0: Called Strike 0-1: Swinging Strike 0-2: Ball 1-2: Foul Ball, location: 2F 1-2: Ball 2-2: Ground out 6-3 (Groundball, 6, EV 89.4 MPH)
|
|
Batting: RHB Jeremy Boerman
|
0-0: Called Strike 0-1: Foul Ball, location: 2F 0-2: Ball 1-2: Strikes out swinging
|
|
Batting: RHB Jonathan Rangel
|
0-0: Ball 1-0: Foul Ball, location: 2F 1-1: Foul Ball, location: 2F 1-2: Ground out 5-3 (Groundball, 56, EV 85.0 MPH)
|
| Top of the 3rd over - 0 runs, 0 hits, 0 errors, 0 left on base; Round Rock 0 - Pawtucket 0 |
| BOTTOM OF THE 3RD |
|
Pawtucket Red Sox batting - Pitching for Round Rock Express : RHP Jeff Kidd
|
|
Batting: RHB Brandon Perris
|
0-0: Called Strike 0-1: Swinging Strike 0-2: Strikes out swinging
|
|
Batting: RHB Joe Evrard
|
0-0: Ball 1-0: Foul Ball, location: 2F 1-1: Called Strike 1-2: Fly out, F8 (Flyball, 8LM, EV 93.1 MPH)
|
|
Batting: RHB Matt Hinkle
|
0-0: Foul Ball, location: 2F 0-1: Ball 1-1: Fly out, F9 (Flyball, 9LD, EV 95.0 MPH)
|
| Bottom of the 3rd over - 0 runs, 0 hits, 0 errors, 0 left on base; Round Rock 0 - Pawtucket 0 |
| TOP OF THE 4TH |
|
Round Rock Express batting - Pitching for Pawtucket Red Sox : RHP Steve Capizzi
|
|
Batting: SHB Javy Rosa
|
0-0: Called Strike 0-1: Ball 1-1: Foul Ball, location: 2F 1-2: Ground out 4-3 (Groundball, 4, EV 83.1 MPH)
|
|
Batting: RHB Noah Stanley
|
0-0: Called Strike 0-1: SINGLE (Groundball, 34D, EV 95.6 MPH)
|
|
Batting: RHB Ryan Kinkead
|
0-0: Called Strike 0-1: Reached on error, E4 (Groundball, 4M, EV 80.0 MPH) Noah Stanley to second
|
|
Batting: RHB Blake Ballard
|
0-0: Ball 1-0: Foul Ball, location: 2F 1-1: Foul Ball, location: 2F 1-2: TRIPLE (Line Drive, 78XD, EV 110.6 MPH) Noah Stanley scores Ryan Kinkead scores
|
|
Batting: RHB Jarrod Joyce
|
0-0: Ball 1-0: SINGLE (Groundball, 56D, EV 98.8 MPH) Blake Ballard scores
|
|
Batting: LHB Cooper Broomhall
|
0-0: Foul Ball, location: 2F 0-1: Swinging Strike 0-2: DOUBLE (Line Drive, 5D, EV 101.2 MPH) Jarrod Joyce to third Runner from 3rd tries for Home, SAFE, no throw by LF
|
|
Batting: RHB Ivan Colon
|
0-0: Ball Wild Pitch! Cooper Broomhall to third 1-0: Ball 2-0: Ball 3-0: Base on Balls
|
|
Batting: RHB Jeremy Boerman
|
0-0: Swinging Strike 0-1: Called Strike 0-2: Ball 1-2: Strikes out looking
|
|
Batting: RHB Jonathan Rangel
|
0-0: Fly out, F8 (Flyball, 8RM, EV 81.2 MPH)
|
| Top of the 4th over - 4 runs, 4 hits, 1 error, 2 left on base; Round Rock 4 - Pawtucket 0 |
| BOTTOM OF THE 4TH |
|
Pawtucket Red Sox batting - Pitching for Round Rock Express : RHP Jeff Kidd
|
|
Batting: RHB Tony Nunez
|
0-0: Ball 1-0: Foul Ball, location: 2F 1-1: Ball 2-1: Ball 3-1: Foul Ball, location: 2F 3-2: Foul Ball, location: 2F 3-2: Foul Ball, location: 2F 3-2: SINGLE (Groundball, 4MS, EV 71.2 MPH) (infield hit)
|
|
Batting: RHB Dave Burwell
|
0-0: Fly out, F7 (Line Drive, 78S, EV 87.5 MPH)
|
|
Batting: LHB David Moore
|
0-0: Fly out, F8 (Flyball, 8RD, EV 103.8 MPH) Runner from 1st tags up, SAFE at 2nd
|
|
Batting: RHB Rodolfo Contreras
|
0-0: Ball 1-0: Called Strike 1-1: Called Strike 1-2: Foul Ball, location: 2F 1-2: Fly out, F9 (Line Drive, 9, EV 93.8 MPH)
|
| Bottom of the 4th over - 0 runs, 1 hit, 0 errors, 1 left on base; Round Rock 4 - Pawtucket 0 |
| TOP OF THE 5TH |
|
Round Rock Express batting - Pitching for Pawtucket Red Sox : RHP Steve Capizzi
|
|
Batting: SHB Javy Rosa
|
0-0: Foul Ball, location: 2F 0-1: Called Strike 0-2: Ball 1-2: Foul Ball, location: 2F 1-2: Fly out, F4 (Line Drive, 4, EV 65.0 MPH)
|
|
Batting: RHB Noah Stanley
|
0-0: Called Strike 0-1: Foul Ball, location: 2F 0-2: Ball 1-2: Ball 2-2: Strikes out swinging
|
|
Batting: RHB Ryan Kinkead
|
0-0: Ball 1-0: Fly out, F9 (Flyball, 9S, EV 83.8 MPH)
|
| Top of the 5th over - 0 runs, 0 hits, 0 errors, 0 left on base; Round Rock 4 - Pawtucket 0 |
| BOTTOM OF THE 5TH |
|
Pawtucket Red Sox batting - Pitching for Round Rock Express : RHP Jeff Kidd
|
|
Batting: LHB Frank Olivo
|
0-0: Ground out 4-3 (Groundball, 4, EV 98.1 MPH)
|
|
Batting: RHB Joe Sandoval
|
0-0: Ball 1-0: Called Strike 1-1: Foul Ball, location: 2F 1-2: Foul Ball, location: 2F 1-2: Ball 2-2: Strikes out swinging
|
|
Batting: RHB Brandon Perris
|
0-0: Called Strike 0-1: Ball 1-1: Ball 2-1: Ball 3-1: Base on Balls
|
|
Batting: RHB Joe Evrard
|
0-0: 2-RUN HOME RUN (Flyball, 9D, EV 100.0 MPH), Distance : 353 ft
|
|
Batting: RHB Matt Hinkle
|
0-0: Called Strike 0-1: Ball 1-1: Ground out 5-3 (Groundball, 5L, EV 103.1 MPH)
|
| Bottom of the 5th over - 2 runs, 1 hit, 0 errors, 0 left on base; Round Rock 4 - Pawtucket 2 |
| TOP OF THE 6TH |
|
Round Rock Express batting - Pitching for Pawtucket Red Sox : RHP Steve Capizzi
|
|
Batting: RHB Blake Ballard
|
0-0: Called Strike 0-1: Swinging Strike 0-2: Ball 1-2: Strikes out swinging
|
|
Batting: RHB Jarrod Joyce
|
0-0: Ball 1-0: Foul Ball, location: 2F 1-1: Foul Ball, location: 2F 1-2: Foul Ball, location: 2F 1-2: Foul Ball, location: 2F 1-2: Ball 2-2: Foul Ball, location: 2F 2-2: Fly out, F8 (Line Drive, 8LD, EV 104.4 MPH)
|
|
Batting: LHB Cooper Broomhall
|
0-0: Ball 1-0: Ball 2-0: Foul Ball, location: 2F 2-1: Ground out 5-3 (Groundball, 56, EV 108.8 MPH)
|
| Top of the 6th over - 0 runs, 0 hits, 0 errors, 0 left on base; Round Rock 4 - Pawtucket 2 |
| BOTTOM OF THE 6TH |
|
Pawtucket Red Sox batting - Pitching for Round Rock Express : RHP Jeff Kidd
|
|
Batting: RHB Tony Nunez
|
0-0: Called Strike 0-1: Foul Ball, location: 2F 0-2: Ball 1-2: Ground out 6-3 (Groundball, 6, EV 83.8 MPH)
|
|
Batting: RHB Dave Burwell
|
0-0: Ground out 4-3 (Groundball, 6M, EV 90.0 MPH)
|
|
Batting: LHB David Moore
|
0-0: Ground out 6-3 (Groundball, 6S, EV 87.5 MPH)
|
| Bottom of the 6th over - 0 runs, 0 hits, 0 errors, 0 left on base; Round Rock 4 - Pawtucket 2 |
| TOP OF THE 7TH |
|
Round Rock Express batting - Pitching for Pawtucket Red Sox : RHP Steve Capizzi
|
|
Batting: RHB Ivan Colon
|
0-0: Ball 1-0: Ball 2-0: Ball 3-0: Called Strike 3-1: Base on Balls
|
|
Batting: RHB Jeremy Boerman
|
0-0: Foul Ball, location: 2F 0-1: Grounds into double play, 4-6-3 (Groundball, 4S, EV 83.8 MPH)
|
|
Batting: RHB Jonathan Rangel
|
0-0: Ball 1-0: Ball 2-0: Ball 3-0: Called Strike 3-1: Swinging Strike 3-2: Ground out 1-3 (Groundball, 15S, EV 73.1 MPH)
|
| Top of the 7th over - 0 runs, 0 hits, 0 errors, 0 left on base; Round Rock 4 - Pawtucket 2 |
| BOTTOM OF THE 7TH |
|
Pawtucket Red Sox batting - Pitching for Round Rock Express : RHP Jeff Kidd
|
|
Batting: RHB Rodolfo Contreras
|
0-0: Ball 1-0: Ground out 5-3 (Groundball, 15, EV 85.6 MPH)
|
|
Batting: LHB Frank Olivo
|
0-0: Ball 1-0: Called Strike 1-1: Ball 2-1: Swinging Strike 2-2: Ball 3-2: Foul Ball, location: 2F 3-2: Foul Ball, location: 2F 3-2: Base on Balls
|
|
Batting: RHB Joe Sandoval
|
0-0: Ball 1-0: Ball 2-0: Swinging Strike 2-1: Called Strike 2-2: Fly out, F8 (Flyball, 78D, EV 88.8 MPH)
|
|
Pinch Hitting: SHB Ben Ervin
|
0-0: Foul Ball, location: 2F 0-1: Ball 1-1: Foul Ball, location: 2F 1-2: Foul Ball, location: 2F 1-2: Ball 2-2: SINGLE (Groundball, 6, EV 102.5 MPH) (infield hit) Frank Olivo to second
|
|
Batting: RHB Joe Evrard
|
0-0: Ball 1-0: Ball 2-0: Called Strike 2-1: SINGLE (Flyball, 8RS, EV 87.5 MPH) Frank Olivo to third Ben Ervin to second
|
|
Pinch Hitting: SHB Marvin Lawrence
|
0-0: Ball 1-0: Foul Ball, location: 2F 1-1: Foul Ball, location: 2F 1-2: SINGLE (Line Drive, 7LS, EV 96.9 MPH) Frank Olivo scores Ben Ervin to third Joe Evrard to second
|
|
Pitching: RHP Jean-Michel Hamon
|
|
|
Pinch Hitting: LHB Zack Guillen
|
0-0: Called Strike 0-1: Ball 1-1: Ball 2-1: Foul Ball, location: 2F 2-2: Fly out, F8 (Flyball, 8RXD, EV 105.6 MPH)
|
| Bottom of the 7th over - 1 run, 3 hits, 0 errors, 3 left on base; Round Rock 4 - Pawtucket 3 |
| TOP OF THE 8TH |
|
Round Rock Express batting - Pitching for Pawtucket Red Sox : RHP Steve Capizzi
|
|
Pitching: RHP Jaime Dunning
|
|
|
Now at 1B: Ben Ervin
|
|
|
Now at 2B: Frank Olivo
|
|
|
Now at 3B: Carlos Nolasco
|
|
|
Now in LF: Marvin Lawrence
|
|
|
Batting: SHB Javy Rosa
|
0-0: Ball 1-0: SINGLE (Groundball, 34D, EV 105.6 MPH)
|
|
Batting: RHB Noah Stanley
|
0-0: Ball 1-0: Ball 2-0: Called Strike Javy Rosa steals 2nd base (no throw) 2-1: SINGLE (Groundball, 25, EV 75.0 MPH) (infield hit) Javy Rosa to third
|
|
Batting: RHB Ryan Kinkead
|
0-0: Ball 1-0: Foul Ball, location: 2F 1-1: Ball 2-1: Called Strike Noah Stanley steals 2nd, throwing error, E2 Javy Rosa scores Noah Stanley to third 2-2: Ball 3-2: Foul Ball, location: 2F 3-2: Strikes out swinging
|
|
Batting: RHB Blake Ballard
|
0-0: Foul Ball, location: 2F 0-1: Ball 1-1: Fly out, F7 (Flyball, 78S, EV 89.4 MPH)
|
|
Batting: RHB Jarrod Joyce
|
0-0: Ball 1-0: Ball 2-0: Fly out, F9 (Line Drive, 9LM, EV 98.1 MPH)
|
| Top of the 8th over - 1 run, 2 hits, 1 error, 1 left on base; Round Rock 5 - Pawtucket 3 |
| BOTTOM OF THE 8TH |
|
Pawtucket Red Sox batting - Pitching for Round Rock Express : RHP Jean-Michel Hamon
|
|
Batting: RHB Dave Burwell
|
0-0: Ball 1-0: SINGLE (Groundball, 34D, EV 96.9 MPH)
|
|
Batting: LHB David Moore
|
0-0: Ball 1-0: Called Strike 1-1: Grounds into double play, 4-6-3 (Groundball, 4, EV 108.1 MPH)
|
|
Batting: RHB Rodolfo Contreras
|
0-0: Ball 1-0: Foul Ball, location: 2F 1-1: Ball 2-1: Ball 3-1: Ground out U3 (Groundball, 3, EV 87.5 MPH)
|
| Bottom of the 8th over - 0 runs, 1 hit, 0 errors, 0 left on base; Round Rock 5 - Pawtucket 3 |
| TOP OF THE 9TH |
|
Round Rock Express batting - Pitching for Pawtucket Red Sox : RHP Jaime Dunning
|
|
Pitching: RHP Jim Whiteman
|
|
|
Batting: LHB Cooper Broomhall
|
0-0: Ball 1-0: Ball 2-0: Ball 3-0: Base on Balls
|
|
Batting: RHB Ivan Colon
|
0-0: Bunted foul 0-1: Bunted foul Pickoff Throw to First - Out! 1-3 CS 0-2: DOUBLE (Flyball, 8LXD, EV 106.2 MPH)
|
|
Batting: RHB Jeremy Boerman
|
0-0: Ball 1-0: Fly out, F3 (Flyball, 3D, EV 81.9 MPH)
|
|
Batting: RHB Jonathan Rangel
|
0-0: Swinging Strike 0-1: Called Strike 0-2: Strikes out swinging
|
| Top of the 9th over - 0 runs, 1 hit, 0 errors, 1 left on base; Round Rock 5 - Pawtucket 3 |
| BOTTOM OF THE 9TH |
|
Pawtucket Red Sox batting - Pitching for Round Rock Express : RHP Jean-Michel Hamon
|
|
Pitching: RHP Danny Romero
|
|
|
Batting: LHB Frank Olivo
|
0-0: Fly out, F7 (Flyball, 7D, EV 88.8 MPH)
|
|
Batting: RHB Joe Sandoval
|
0-0: Called Strike 0-1: Ball 1-1: Ball 2-1: Foul Ball, location: 2F 2-2: Strikes out looking
|
|
Batting: SHB Ben Ervin
|
0-0: Called Strike 0-1: Called Strike 0-2: DOUBLE (Line Drive, 7LS, EV 94.4 MPH)
|
|
Batting: RHB Joe Evrard
|
0-0: Ball 1-0: Ball 2-0: Ball 3-0: Called Strike 3-1: Reached on error, E6 (Groundball, 6M, EV 105.6 MPH) Ben Ervin to third
|
|
Batting: SHB Marvin Lawrence
|
0-0: Foul Ball, location: 2F 0-1: Ball 1-1: SINGLE (Flyball, 8RS, EV 86.9 MPH) Ben Ervin scores Joe Evrard to second
|
|
Batting: RHB Carlos Nolasco
|
0-0: Ball 1-0: SINGLE (Flyball, 89S, EV 98.1 MPH) Joe Evrard to third Marvin Lawrence to second
|
|
Batting: RHB Dave Burwell
|
0-0: Ball 1-0: Foul Ball, location: 2F 1-1: SINGLE (Groundball, 34D, EV 101.9 MPH) Joe Evrard scores Marvin Lawrence to third Carlos Nolasco to second Runner from 3rd tries for Home, SAFE, throw by RF to home
|
| Bottom of the 9th over - 3 runs, 4 hits, 1 error, 2 left on base; Round Rock 5 - Pawtucket 6 |
|